 Dungeon Crawl Stone Soup version 0.21-a0-621-gc60411f (webtiles) character file.

49 Amnesiac the Insei (level 3, 0/24 HPs)
             Began as an Octopode Transmuter on Dec 23, 2017.
             Killed by nerve-wracking pain
             ... invoked by Menkaure
              (1 damage)
             ... on level 4 of the Dungeon.
             The game lasted 00:01:41 (932 turns).

Amnesiac the Insei (Octopode Transmuter)             Turns: 932, Time: 00:01:41

Health: 0/24       AC:  1    Str:  9    XL:     3   Next: 75%
Magic:  3/6        EV: 13    Int: 15    God:
Gold:   22         SH:  0    Dex: 13    Spells: 0/6 levels left

rFire    . . .     SeeInvis .     - Unarmed
rCold    . . .     Gourm    .   (no shield)
rNeg     . . .     Faith    .   (helmet restricted)
rPois    .         Spirit   .   (no amulet)
rElec    .         Reflect  .   (no ring)
rCorr    .         Harm     .   (no ring)
MR       .....                  (no ring)
Stlth    ++........             (no ring)
HPRegen  0.08/turn              (no ring)
MPRegen  0.10/turn              (no ring)
                                (no ring)
                                (no ring)

@: very slightly contaminated
A: almost no armour, stealthy swim, amphibious, 8 rings, constrict 8, camouflage
1, gelatinous body 1
a: no special abilities


You were on level 4 of the Dungeon.
You were hungry.

You visited 1 branch of the dungeon, and saw 4 of its levels.

You collected 22 gold pieces.

Inventory:

Missiles
 a - 43 arrows
 d - 15 poisoned needles
 k - 25 stones (quivered)
Jewellery
 i - an uncursed ring of protection from magic {unknown}
Scrolls
 f - 2 scrolls of identify {!r, unknown}
 h - a scroll of remove curse {!r, unknown}
Potions
 e - a potion of resistance {!q, unknown}
 j - a potion of agility {!q, unknown}
Books
 b - a book of Changes

   Spells                             Type                      Level
   a - Beastly Appendage              Transmutation                1
   b - Sticks to Snakes               Transmutation                2
   c - Spider Form                    Transmutation/Poison         3
   d - Ice Form                       Ice/Transmutation            4
   e - Blade Hands                    Transmutation                5
Comestibles
 c - 2 rations
 g - 2 chunks of flesh


   Skills:
 + Level 2.1 Fighting
 + Level 2.2 Dodging
 * Level 3.1 Unarmed Combat
 + Level 2.0 Spellcasting
 * Level 3.0 Transmutations


You couldn't memorise any spells.
You knew the following spells:

 Your Spells              Type           Power        Failure   Level  Hunger
a - Beastly Appendage     Tmut           ##....       6%          1    #......
b - Sticks to Snakes      Tmut           ##......     10%         2    ###....
e - Spider Form           Tmut/Pois      #.........   34%         3    ###....


Dungeon Overview and Level Annotations

Branches:
Dungeon (4/15)
 Temple: D:4-7

Altars:

Annotations:
D:4 Menkaure


Innate Abilities, Weirdness & Mutations

You cannot wear most types of armour.
You are very stealthy in the water. (Stealth+)
You are amphibious.
You can wear up to eight rings at the same time.
You can use your tentacles to constrict eight enemies at once.
Your skin changes colour to match your surroundings (Stealth+).
Your rubbery body absorbs attacks. (AC +1, EV +1)


Message History

a chunk of flesh; an adder skeleton Your transformation has ended.
You feel sick.
Things that are here:
a chunk of flesh; an adder skeleton
g - 3 chunks of flesh (gained 1)
The bat barely misses you. The bat hits you.
You closely miss the bat. You squeeze the bat, but do no damage.
You feel sick. The bat misses you. The bat closely misses you. x2
You closely miss the bat. You grab the bat.
You constrict the bat, but do no damage.
The bat misses you. The bat closely misses you.
You tentacle-slap the bat.
The bat is heavily wounded.
You constrict the bat. The bat closely misses you.
The bat struggles to escape constriction.
The bat escapes!
You tentacle-slap the bat.
You kill the bat!
You feel sick.
Your magical contamination has completely faded away.
No target in view!
There is a stone staircase leading down here.
You start resting.
You feel sick. x2
You are no longer poisoned.
You start resting.
Magic restored.
You start resting.
Magic restored.
You start resting.
HP restored.
You start resting.
Some of the chunks of flesh in your inventory have rotted away.
HP restored.
Casting: Spider Form
Confirm with . or Enter, or press ? or * to list all spells.
You miscast Spider Form.
You are very lightly contaminated with residual magic.
Nothing appears to happen.
You are feeling hungry.
You climb downwards.
Menkaure and a skeleton come into view.
Found a robe.
Found a stone staircase leading down.
There is a stone staircase leading up here.
The helpless Menkaure fails to defend himself.
You tentacle-slap Menkaure. You grab Menkaure.
Menkaure is lightly damaged.
You constrict Menkaure, but do no damage.
You tentacle-slap Menkaure. You squeeze Menkaure.
Menkaure is moderately damaged.
You constrict Menkaure, but do no damage.
Menkaure hits you!!
Ouch! That really hurt!
* * * LOW HITPOINT WARNING * * *
You tentacle-slap Menkaure.
Menkaure is heavily damaged.
You constrict Menkaure. The adder skeleton bites you.
* * * LOW HITPOINT WARNING * * *
Menkaure gestures at you while chanting.
Pain shoots through your body!
You die...

##.... .....
###..>. .#...
.... #..#
.#####.M#####..
......Z@.......
.......######[#
###.... #.### #


You could see Menkaure and an adder skeleton.

Vanquished Creatures
  2 adders
  2 dart slugs (D:2)
  A leopard gecko (D:1)
  6 bats
  2 giant cockroaches
  2 goblins (D:2)
  3 hobgoblins
  A kobold (D:2)
  2 frilled lizards
  3 rats
24 creatures vanquished.

Notes
Turn   | Place    | Note
-------+----------+-------------------------------------------
     0 | D:1      | Amnesiac the Octopode Transmuter began the quest for the Orb.
     0 | D:1      | Reached XP level 1. HP: 13/13 MP: 3/3
    98 | D:1      | Reached XP level 2. HP: 12/18 MP: 5/5
   102 | D:1      | Learned a level 2 spell: Sticks to Snakes
   271 | D:2      | Reached XP level 3. HP: 9/24 MP: 6/6
   276 | D:2      | Learned a level 3 spell: Spider Form
   929 | D:4      | Noticed Menkaure
   932 | D:4      | HP: 1/24 [adder skeleton (4)]
   932 | D:4      | Killed from afar by Menkaure

Vault maps used:
D:1:      dpeg_arrival_tiny_c
D:2:      zin_statuary, overflow_temple_1_default, minmay_bisected,
          uniq_crazy_yiuf_cottage, uniq_natasha
D:3:      nicolae_overflow_crystal_walls, kennysheep_slug_shrine, first_ration
D:4:      elyvilon_altar_1, kennysheep_little_box, serial_park_tiny_2,
          nemelex_spade_bored_becter, uniq_menkaure, uniq_blork_the_orc,
          uniq_edmund, uniq_sigmund

Skill      XL: |  1  2  3 |
---------------+----------+-----
Fighting       | 2 |  2.1
Transmutations | 3 |  3.0
Dodging        | |  2.2
Unarmed Combat | |  3.1
Spellcasting   | |  2.0

Action                   || total
-------------------------++-------
Melee: Unarmed           ||    59
       Constrict         ||    14
       Tentacles         ||     8
       Punch             ||     1
 Cast: Spider Form       ||     1
 Stab: Sleeping          ||    12
Armor: Skin              ||     7
Dodge: Dodged            ||    36

Table legend:
 A = Spawn XP
 B = Non-spawn XP
 C = Spawn XP percentage of total XP
 D = Spawn monster count
 E = Non-spawn monster count
 F = Spawn count percentage of total count
 G = Total turns spent on level
                    A         B        C        D         E        F      G
               +---------+---------+-------+---------+---------+-------+---------
         Total |       0 |      70 |   0.0 |       0 |      24 |   0.0 |   932
               +---------+---------+-------+---------+---------+-------+---------
           D:1 |       0 |      13 |   0.0 |       0 |       7 |   0.0 |   161
           D:2 |       0 |      42 |   0.0 |       0 |      15 |   0.0 |   605
           D:3 |       0 |      15 |   0.0 |       0 |       2 |   0.0 |   163
               +---------+---------+-------+---------+---------+-------+---------
